 Dungeon Crawl Stone Soup version 0.28.0 (webtiles) character file.

Game seed: 18020005332150938881

64 Ablot the Grasshopper (level 4, 0/38 HPs)
             Began as a Gnoll Warper on Feb 17, 2022.
             Slain by a gnoll (4 damage)
             ... on level 3 of the Dungeon.
             The game lasted 00:02:54 (2411 turns).

Ablot the Grasshopper (Gnoll Warper)                Turns: 2411, Time: 00:02:55

Health: 0/38       AC:  3    Str: 13    XL:     4   Next: 12%
Magic:  11/11      EV: 12    Int: 12    God:
Gold:   81         SH:  0    Dex: 11    Spells: 13/13 levels left

rFire   . . .      SeeInvis .   a - +0 trident
rCold   . . .      Faith    .   (no shield)
rNeg    . . .      Spirit   .   b - +0 leather armour
rPois   .          Reflect  .   (no helmet)
rElec   .          Harm     .   (no cloak)
rCorr   .          Rampage  .   (no gloves)
Will    .....                   (no boots)
Stlth   +.........              (no amulet)
HPRegen 0.12/turn               (no ring)
MPRegen 0.12/turn               (no ring)

@: no status effects
A: fangs 1, strong nose, distributed training
a: no special abilities


You were on level 3 of the Dungeon.
You visited 1 branch of the dungeon, and saw 3 of its levels.

You collected 81 gold pieces.

Inventory:

Hand Weapons
 a - a +0 trident (weapon)
 m - a +1 mace of holy wrath
Missiles
 d - 5 boomerangs of dispersal (quivered)
 f - 26 bolts
 g - 39 sling bullets
 i - 119 stones
 r - 23 arrows
Armour
 b - a +0 leather armour (worn)
Scrolls
 c - a scroll of blinking
 h - a scroll of silence {unknown}
 l - 2 scrolls of teleportation {unknown}
 o - a scroll of holy word {unknown}
 p - a scroll of identify {unknown}
Potions
 e - a potion of magic {unknown}
 j - 2 potions of invisibility {unknown}
 k - 2 potions of curing {unknown}
 n - a potion of brilliance {unknown}
 q - a potion of cancellation {unknown}


   Skills:
 + Level 4.6 Fighting
 + Level 1.0 Short Blades
 + Level 1.0 Long Blades
 + Level 1.0 Axes
 + Level 1.0 Maces & Flails
 + Level 4.6 Polearms
 + Level 1.0 Staves
 + Level 1.0 Slings
 + Level 1.0 Bows
 + Level 1.0 Crossbows
 + Level 2.7 Throwing
 + Level 2.7 Armour
 + Level 4.6 Dodging
 + Level 1.0 Stealth
 + Level 1.0 Shields
 + Level 1.0 Unarmed Combat
 + Level 5.0 Spellcasting
 + Level 0.8 Conjurations
 + Level 0.8 Hexes
 + Level 0.8 Summonings
 + Level 0.8 Necromancy
 + Level 5.4 Translocations
 + Level 0.8 Transmutations
 + Level 0.8 Fire Magic
 + Level 0.8 Ice Magic
 + Level 0.8 Air Magic
 + Level 0.8 Earth Magic
 + Level 0.8 Poison Magic
 + Level 1.1 Invocations
 + Level 1.0 Evocations


You had 13 spell levels left.
You didn't know any spells.
Your spell library contained the following spells:

 Spells                   Type           Power      Damage    Failure   Level
 Blink                    Tloc           32%        N/A       4%          2
 Gell's Gravitas          Tloc           16%        N/A       9%          3
 Lesser Beckoning         Tloc           16%        N/A       9%          3
 Teleport Other           Tloc           16%        N/A       9%          3
 Manifold Assault         Tloc           16%        N/A       58%         5


Dungeon Overview and Level Annotations

Branches:
Dungeon (3/15)

Altars:


Innate Abilities, Weirdness & Mutations

You have very sharp teeth.
Your uncanny sense of smell can sniff out nearby items.
Your experience applies equally to all skills.


Message History

r - 23 arrows 2 gnolls come into view.
The gnoll shouts! x2
A gnoll comes into view. It is wielding a +0 club.
The gnoll moves out of view.
Memorise Blink, consuming 2 spell levels and leaving 10?
You start memorising the spell.
You continue memorising. x2
The gnoll hits you with a +0 whip!
Your memorisation is interrupted.
You closely miss the gnoll. The gnoll closely misses you.
You puncture the gnoll!
The gnoll is severely wounded.
The gnoll completely misses you.
You barely miss the gnoll.
The gnoll is severely wounded.
The gnoll hits you with a +0 whip.
You hit the gnoll but do no damage.
The gnoll is severely wounded.
The gnoll hits you with a +0 whip.
You closely miss the gnoll.
The gnoll is severely wounded.
The gnoll closely misses you.
You barely miss the gnoll.
The gnoll is severely wounded.
The gnoll hits you with a +0 whip!
* * * LOW HITPOINT WARNING * * *
You barely miss the gnoll.
The gnoll is heavily wounded.
The gnoll misses you.
You hit the gnoll.
You kill the gnoll!
You have reached level 4!
You feel stronger.
You hit the gnoll.
The gnoll is moderately wounded.
The gnoll hits you with a +0 club.
* * * LOW HITPOINT WARNING * * *
You barely miss the gnoll.
The gnoll is moderately wounded.
The gnoll hits you with a +0 club.
You die...

... #.# #.# # #.# #.#.# #
#.#.##.# #......# #
###g#### # #@# #### #.#
###
.....####.######.########
#.......##...#.......#
####.###.#.##.##.#.#.#
#.## ##..##.##.#.#.## #.#
#.....##.#..... #.##
##..#####.###.#.
##.###.#.......###.#.


You could see a gnoll.

Vanquished Creatures
  An adder (D:2)
  A gnoll (D:3)
  3 worms (D:2)
  3 dart slugs
  2 endoplasms (D:1)
  2 giant cockroaches
  2 jackals (D:1)
  A quokka (D:2)
  3 ball pythons (D:1)
  3 bats
  2 frilled lizards
  2 goblins
  6 kobolds
  A rat (D:1)
32 creatures vanquished.

Notes
Turn   | Place    | Note
-------+----------+-------------------------------------------
     0 | D:1      | Ablot the Gnoll Warper began the quest for the Orb.
     0 | D:1      | Reached XP level 1. HP: 20/20 MP: 6/6
   114 | D:1      | Reached XP level 2. HP: 25/26 MP: 7/7
   248 | D:1      | Found a faded altar of an unknown god.
   545 | D:2      | Reached XP level 3. HP: 16/31 MP: 9/9
   554 | D:2      | Reached skill level 5 in Spellcasting
  1325 | D:2      | Reached skill level 1 in Invocations
  1992 | D:2      | Reached skill level 1 in Short Blades
  1992 | D:2      | Reached skill level 1 in Long Blades
  1992 | D:2      | Reached skill level 1 in Axes
  1992 | D:2      | Reached skill level 1 in Maces & Flails
  1992 | D:2      | Reached skill level 1 in Staves
  1992 | D:2      | Reached skill level 1 in Slings
  1992 | D:2      | Reached skill level 1 in Bows
  1992 | D:2      | Reached skill level 1 in Crossbows
  1992 | D:2      | Reached skill level 1 in Stealth
  1992 | D:2      | Reached skill level 1 in Shields
  1992 | D:2      | Reached skill level 1 in Unarmed Combat
  1992 | D:2      | Reached skill level 1 in Evocations
  2410 | D:3      | Reached XP level 4. HP: 8/38 MP: 11/11
  2411 | D:3      | Slain by a gnoll

Illustrated notes

Levels and vault maps discovered:
D:1:      dpeg_arrival_rooms_a, layout_rooms, nicolae_ecumenical_lake_church
D:2:      layout_loops_cross, minmay_misc_feat_ornament, minmay_pentomino_u4
D:3:      layout_loops_cross, hangedman_feature_mirror, grunt_ministairs_7

Skill      XL: |  1  2  3 |
---------------+----------+-----
Spellcasting   | 5 |  5.0
Invocations    | 1 |  1.1
Short Blades   | 1 |  1.0
Long Blades    | 1 |  1.0
Axes           | 1 |  1.0
Maces & Flails | 1 |  1.0
Staves         | 1 |  1.0
Slings         | 1 |  1.0
Bows           | 1 |  1.0
Crossbows      | 1 |  1.0
Stealth        | 1 |  1.0
Shields        | 1 |  1.0
Unarmed Combat | 1 |  1.0
Evocations     | 1 |  1.0
Fighting       | |  4.6
Polearms       | |  4.6
Throwing       | |  2.7
Armour         | |  2.7
Dodging        | |  4.6
Conjurations   | |  0.8
Hexes          | |  0.8
Summonings     | |  0.8
Necromancy     | |  0.8
Translocations | |  5.4
Transmutations | |  0.8
Fire Magic     | |  0.8
Ice Magic      | |  0.8
Air Magic      | |  0.8
Earth Magic    | |  0.8
Poison Magic   | |  0.8

Action                   |  1- 3 |  4- 6 || total
-------------------------+-------+-------++-------
Melee: Spear             |   159 |       ||   159
       Bite              |    17 |       ||    17
       Punch             |     1 |       ||     1
       Trident           |     8 |     2 ||    10
 Stab: Sleeping          |     3 |       ||     3
Armor: Leather armour    |    26 |       ||    26
Dodge: Dodged            |    83 |       ||    83
